 Dungeon Crawl Stone Soup version 0.30-a0-629-gd54f4be4f7 (webtiles) character file.

Game seed: 5864431968700681342

25266 kae the Transmogrifier (level 12, -3/99 HPs)
             Began as a Demonspawn Transmuter on Jan 12, 2023.
             Was an Initiate of Ru.
             Slain by a merfolk
             ... wielding a +0 trident
              (23 damage)
             ... on level 3 of the Lair of Beasts.
             The game lasted 00:19:03 (13477 turns).

kae the Transmogrifier (Demonspawn Transmuter)     Turns: 13477, Time: 00:19:05

Health: -3/99      AC: 14    Str: 12    XL:     12   Next: 88%
Magic:  0/24       EV: 10    Int: 18    God:    Ru [......]
Gold:   922        SH:  4    Dex: 14    Spells: 17/27 levels left

rFire   x . .      SeeInvis .      - Unarmed
rCold   + + +      Faith    .    (shield currently unavailable)
rNeg    . . .      Spirit   +    (body armour currently unavailable)
rPois   +          Reflect  .    (helmet currently unavailable)
rElec   .          Harm     .    (cloak currently unavailable)
rCorr   .          Rampage  .    (gloves currently unavailable)
Will    .....                    (boots currently unavailable) Stlth
                                 g - amulet of regeneration
HPRegen 1.16/turn                (no ring)
MPRegen 0.38/turn                (no ring)

@: ice-form, wereblooded
A: freezing attack, amphibious, boosted hp, large, (antennae 1), (molten scales
3), icemail 1, magic shield, magic regeneration, no stealth, condensation shield
a: End Transformation, Renounce Religion, Sacrifice Love, Sacrifice Durability,
Sacrifice Courage, Reject Sacrifices


You were on level 3 of the Lair of Beasts.
You worshipped Ru.
Ru was noncommittal.
You were a creature of crystalline ice.
You visited 3 branches of the dungeon, and saw 14 of its levels.
You also visited: Sewer and Bailey.

You collected 922 gold pieces.


Innate Abilities, Weirdness & Mutations

You are a creature of crystalline ice.
You have a powerful freezing melee attack.
You are amphibious.
Your maximum health is increased.
Your armour is entirely melded.
You are incapable of wielding weapons or throwing items.
((You have a pair of small antennae on your head.))
((You are completely covered in molten scales. (AC +4, rF+)))
A meltable icy envelope protects you from harm. (AC +4)
When hurt, damage is shared between your health and your magic reserves.
You regenerate magic rapidly.
You cannot be stealthy.
A meltable shield of frost defends you. (SH +4)


   Skills:
 + Level 4.1 Fighting
 + Level 3.3 Armour
 - Level 1.7 Dodging
 * Level 9.5 Unarmed Combat
 + Level 8.4 Spellcasting
 * Level 11.9 Transmutations
 - Level 10.0 Ice Magic
 - Level 1.5 Poison Magic


You had 17 spell levels left.
You knew the following spells:

 Your Spells              Type           Power      Damage    Failure   Level
a - Beastly Appendage     Tmut           100%       N/A       1%          1
b - Wereblood             Tmut           50%        N/A       1%          2
c - Spider Form           Tmut/Pois      31%        N/A       1%          3
d - Ice Form              Ice/Tmut       47%        N/A       1%          4

Your spell library contained the following spells:

 Spells                   Type           Power      Damage    Failure   Level
 Kiss of Death            Conj/Necr      28%        2d7       10%         1
 Necrotise                Necr           28%        1d5       10%         1
 Confusing Touch          Hex            7%         N/A       28%         3
 Vampiric Draining        Necr           7%         2d6       28%         3
 Dispel Undead            Necr           7%         3d8       67%         4
 Agony                    Necr           7%         N/A       95%         5

Inventory:

Missiles
 e - 130 stones
 s - 15 boomerangs
 t - 9 javelins
 E - 41 poisoned darts
 O - 6 curare-tipped darts {=f}
Armour
 a - a +0 robe (melded)
 r - a +1 cloak (melded)
   (You took it off Crazy Yiuf on level 2 of the Dungeon)
 z - a +0 pair of boots of stealth (melded)
   (You found it in a sewer)
Magical Staves
 h - a staff of fire {!a}
   (You took it off a kobold on level 1 of the Dungeon)
 i - a staff of conjuration {!a}
   (You found it on level 1 of the Dungeon)
 G - a staff of death {!a}
   (You found it on level 6 of the Dungeon)
Jewellery
 g - an amulet of regeneration (around neck)
   (You found it on level 8 of the Dungeon)
 v - an amulet of reflection
   (You found it on level 5 of the Dungeon)
Wands
 k - a wand of paralysis (2)
   (You took it off Ijyb on level 3 of the Dungeon)
 F - a wand of polymorph (12)
   (You took it off an orc on level 6 of the Dungeon)
 N - a wand of quicksilver (5)
   (You took it off an orc wizard on level 10 of the Dungeon)
 Q - a wand of roots (5)
   (You found it on level 3 of the Lair of Beasts)
Scrolls
 b - 4 scrolls of magic mapping {!r}
 l - 3 scrolls of fog
 o - 8 scrolls of teleportation {@r4}
 w - 2 scrolls of poison {!r}
 x - 3 scrolls of blinking {!r}
 y - 3 scrolls of enchant armour
 B - 3 scrolls of vulnerability {!r!r}
 H - a scroll of enchant weapon
 J - 4 scrolls of identify {@r1}
 P - 3 scrolls of immolation {!r!r}
Potions
 c - 4 potions of resistance
 d - 2 potions of berserk rage {!q}
 f - 3 potions of mutation {!q}
 j - 5 potions of flight
 m - 3 potions of attraction {!q}
 n - 2 potions of lignification {!q}
 p - 4 potions of haste {@q3}
 q - 2 potions of cancellation
 u - 3 potions of curing {@q1}
 A - a potion of brilliance
 C - a potion of might
 D - a potion of degeneration {!q}
 I - 7 potions of heal wounds {@q2}
 K - a potion of magic
 L - a potion of invisibility
 M - a potion of ambrosia
Miscellaneous
 R - a lightning rod (4/4)
   (You found it on level 2 of the Lair of Beasts)

Dungeon Overview and Level Annotations

Branches:
Dungeon (10/15) Zot: 25694  Temple (1/1) D:7 Zot: 5949    Lair (3/5) D:9 Zot: 15623
 Shoals (0/4) Lair:3        Snake (0/4) Lair:3          Orc (0/2) D:10
  Sewer (visited)          Bailey (visited)

Altars:
Ashenzari
Cheibriados
Dithmenos
Fedhas
Gozag
Hepliaklqana
Kikubaaqudgha
Makhleb
Nemelex Xobeh
Okawaru
Qazlal
Ru
Sif Muna
Trog
Uskayaw
Vehumet
Wu Jian
Xom
Yredelemnul

Shops:
D:1

[
...+.....P....##....#............
..##..........#.....##......##...
.P#P....#.....##....##......##...
.##......#...........#......##...
###.....##....##....###.######.>.
####....###.###......##...##P#...
..##......#.#..................>.
...........###mm.................
...........#..~#Y................
........>.##.m.#.................
..........#..~##.....#...+###....
#.###....##.~~#........## ##....
### .....#.#~##.........# #P...#
#...##.>m #...#.....# ###..# ...#
##.###....### #P..# .. #...
###..#.# #..#. ##.. #.....# #..##


You could see 2 merfolk.


Message History

A merfolk comes into view. It is wielding a +0 trident.
You see here a throwing net {=f!f}. 😎 MP[+3]
Your mp is fully restored (24).
Unknown command.
You struggle against the net.
You struggle against the net.
A merfolk comes into view. It is wielding a +0 trident.
You struggle against the net.
The merfolk shouts!
The merfolk siren chants a haunting song.
You are mesmerised by the merfolk siren!
You struggle against the net.
The merfolk hits you but does no damage.
The merfolk hits you from afar with a +0 trident!
The merfolk siren chants its luring song. 😕 HP[-6] MP[-2]
You take 6 damage, and now have 93/99 hp.
You lost 2 mp, and now have 22/24 mp.
Unknown command.
You shred the net and break free! The merfolk closely misses you.
The merfolk siren chants its luring song.
The merfolk hits you from afar with a +0 trident!!
You break out of your daze!
The merfolk hits you but does no damage. 😕 HP[-12] MP[-3]
You take 12 damage, and now have 81/99 hp.
You lost 3 mp, and now have 19/24 mp.
The merfolk hits you from afar with a +0 trident. 😕 HP[-3] MP[-1]
You take 3 damage, and now have 78/99 hp.
You lost 1 mp, and now have 18/24 mp.
Unknown command.
Casting: Ice Form (mildly dangerous; 1% risk of failure)
Confirm with . or Enter, or press ? or * to list all spells.
Your blood is infused with primal strength.
The merfolk hits you with a +0 trident!!
The merfolk completely misses you.
The merfolk hits you from afar with a +0 trident!
The merfolk hits you with a +0 trident!
* * * LOW HITPOINT WARNING * * *
😨 HP[-29] MP[-8]
You take 29 damage, and now have 49/99 hp.
MASSIVE DAMAGE!! (PAUSE)
You lost 8 mp, and now have 10/24 mp.
You barely miss the merfolk.
Unknown command.
You punch the merfolk! You freeze the merfolk.
The merfolk completely misses you. x2 😮 HP[+1]
You pummel the merfolk!! You freeze the merfolk.
The merfolk hits you with a +0 trident!
* * * LOW HITPOINT WARNING * * *
The merfolk barely misses you. 😨 HP[-8] MP[-1]
You take 8 damage, and now have 42/99 hp.
You lost 1 mp, and now have 9/24 mp.
Unknown command.
You punch the merfolk! You freeze the merfolk.
You feel a bit better.
You kill the merfolk!
You howl as the wereblood boils in your veins!
The merfolk hits you from afar with a +0 trident!!
* * * LOW HITPOINT WARNING * * *
😨 HP[-14] MP[-3]
You take 14 damage, and now have 28/99 hp.
You lost 3 mp, and now have 6/24 mp.
Unknown command.
You hit the merfolk. You freeze the merfolk. The merfolk barely misses you.
The merfolk hits you but does no damage. 😨 HP[+1]
You hit the merfolk but do no damage.
The merfolk hits you but does no damage. 😨 HP[+1] MP[+1] Unknown command.
You barely miss the merfolk.
The merfolk hits you from afar with a +0 trident!
* * * LOW HITPOINT WARNING * * *
😱 HP[-11] MP[-3]
You take 11 damage, and now have 19/99 hp.
You lost 3 mp, and now have 4/24 mp.
Unknown command.
You punch the merfolk! You freeze the merfolk.
The merfolk hits you with a +0 trident!
* * * LOW HITPOINT WARNING * * *
The merfolk hits you from afar with a +0 trident!
* * * LOW HITPOINT WARNING * * *
😱 HP[-12] MP[-3]
You take 12 damage, and now have 7/99 hp.
You lost 3 mp, and now have 1/24 mp.
You feel much better. The merfolk hits you with a +0 trident.
* * * LOW HITPOINT WARNING * * *
The merfolk hits you from afar with a +0 trident!!
* * * LOW HITPOINT WARNING * * *
😱 HP[-4] MP[-1]
You take 4 damage, and now have 3/99 hp.
You lost 1 mp, and now have 0/24 mp.
You feel much better.
The merfolk hits you with a +0 trident!!
You die...

Skill      XL: |  1  2  3  4  5  6  7  8  9 10 11 12 |
---------------+-------------------------------------+-----
Transmutations | 2 3 4 5 6 8 9 10 11 | 11.9
Unarmed Combat | 3 4 5 6 7 8 9 |  9.5
Poison Magic   | 1 |  1.5
Spellcasting   | 3 4 5 6 7 8 |  8.4
Ice Magic      | 1 3 5 6 8 9 10 | 10.0
Armour         | 1 3 |  3.3
Fighting       | 4 |  4.1
Dodging        | |  1.7

Action                   |  1- 3 |  4- 6 |  7- 9 | 10-12 || total
-------------------------+-------+-------+-------+-------++-------
Melee: Unarmed           |    71 |   199 |   421 |   658 ||  1349
       Kick              |    11 |    23 |       |       ||    34
       Headbutt          |     3 |    13 |     1 |       ||    17
       Punch             |     1 |     8 |     1 |       ||    10
 Cast: Beastly Appendage |    24 |    22 |     1 |       ||    47
       Spider Form       |     1 |    11 |     5 |       ||    17
       Wereblood         |       |     2 |     4 |    20 ||    26
       Ice Form          |       |     1 |    32 |    50 ||    83
Invok: Reject Sacrifices |       |       |     1 |       ||     1
       Sacrifice Stealth |       |       |       |     1 ||     1
 Abil: End Transformatio |       |       |     1 |       ||     1
Evoke: Wand              |       |       |     2 |     9 ||    11
  Use: Scroll            |     4 |     9 |     9 |     8 ||    30
       Potion            |       |     2 |     1 |     6 ||     9
 Stab: Sleeping          |       |     2 |     2 |       ||     4
       Paralysed         |       |       |       |     5 ||     5
Armor: Robe              |    15 |    28 |    23 |     4 ||    70
       Skin              |       |     4 |   110 |   219 ||   333
Dodge: Dodged            |    49 |   101 |   178 |   234 ||   562
Block: Other             |       |    10 |   138 |    88 ||   236
       Reflection        |       |       |     1 |       ||     1

Levels and vault maps discovered:
D:1:      lightli_arrival_lavapool, layout_basic, serial_shops, shop,
          kennysheep_small_spiral
D:2:      layout_basic, kennysheep_path_1, uniq_sigmund, uniq_crazy_yiuf_cottage
D:3:      layout_loops_ring, mainiacjoe_overflow_24_doors, nicolae_goblin_pals
D:4:      wad_crossroads, layout_loops_corners, minmay_fractal_squares_5
D:5:      layout_loops_ring, lemuel_round_altar, tgw_kikubaaqudgha,
          kennysheep_little_box, xom_redecorated, gup_sewer_entry_glass
D:6:      cheibrodos_barr_body, layout_loops_cross, grunt_temple_overflow_open,
          chequers_jeans, corexii_shack
D:7:      layout_rooms, minmay_temple_entry_grid, serial_bayou_ford_a,
          minmay_misc_feat_chi, skrybe_limestone_x, kennysheep_minor_cross,
          grunt_ministairs_4, hangedman_decor_diamond_cutter
D:8:      layout_rooms
D:9:      minmay_cornered_nines, layout_irregular_city,
          mainiacjoe_overflow_six_doors_small, lair_entry_dummy
D:10:     layout_long_grid, david_orc_1_choice, enter_bailey_2,
          kennysheep_opposing_triangles, uniq_joseph, uniq_sonja
Temple:   nicolae_temple_ecumenical_triangle
Lair:1:   layout_misc_corridors, minmay_lair_oklob_items
Lair:2:   layout_cave_pods
Lair:3:   layout_regular_city, elwin_shoals_entry_stream,
          minmay_snake_entry_six_corridors, lemuel_fruit_fields

Notes
Turn   | Place    | Note
-------+----------+-------------------------------------------
     0 | D:1      | kae the Demonspawn Transmuter began the quest for the Orb.
     0 | D:1      | Reached XP level 1. HP: 15/15 MP: 3/3
     0 | D:1      | magus.rc [v1.11.3]
   157 | D:1      | Reached skill level 2 in Transmutations
   228 | D:1      | Found Uzxooss's Armour Emporium.
   234 | D:1      | Gained mutation: You regenerate magic rapidly. [demonic
                  | ancestry]
   234 | D:1      | Reached XP level 2. HP: 21/21 MP: 3/5
   634 | D:2      | Noticed Sigmund
   703 | D:2      | Reached skill level 3 in Unarmed Combat
   932 | D:2      | Reached XP level 3. HP: 26/26 MP: 4/6
   935 | D:2      | Learned a level 2 spell: Wereblood
   939 | D:2      | Learned a level 3 spell: Spider Form
   968 | D:2      | Killed Sigmund
   969 | D:2      | Reached skill level 3 in Transmutations
   969 | D:2      | Reached skill level 1 in Poison Magic
   969 | D:2      | Gained mutation: You are partially covered in molten
                  | scales. (AC +2) [demonic ancestry]
   969 | D:2      | Reached XP level 4. HP: 30/32 MP: 4/8
   969 | D:2      | Gained mutation: When hurt, damage is shared between your
                  | health and your magic reserves. [demonic ancestry]
   969 | D:2      | Reached XP level 5. HP: 35/37 MP: 4/9
  1140 | D:2      | Reached skill level 3 in Spellcasting
  1370 | D:2      | Identified the +1 robe "Dejohaj" {Contam Dex+5}
  1646 | D:2      | Found a runed translucent door.
  1647 | D:2      | Noticed Crazy Yiuf
  1659 | D:2      | Killed Crazy Yiuf
  1660 | D:2      | Reached skill level 4 in Transmutations
  2029 | D:3      | Noticed Robin
  2053 | D:3      | Killed Robin
  2053 | D:3      | Noticed Ijyb
  2054 | D:3      | Gained mutation: A meltable shield of frost defends you.
                  | (SH +4) [demonic ancestry]
  2054 | D:3      | Reached XP level 6. HP: 19/43 MP: 2/10
  2055 | D:3      | Paralysed by Ijyb for 2 turns
  2066 | D:3      | Killed Ijyb
  2919 | D:4      | Learned a level 4 spell: Ice Form
  3228 | D:4      | Reached skill level 4 in Unarmed Combat
  3228 | D:4      | Reached skill level 1 in Ice Magic
  3636 | D:4      | Gained mutation: A meltable icy envelope protects you from
                  | harm. (AC +4) [demonic ancestry]
  3636 | D:4      | Reached XP level 7. HP: 48/48 MP: 12/12
  3918 | D:5      | Entered Level 5 of the Dungeon
  3951 | D:5      | Reached skill level 5 in Transmutations
  4060 | D:5      | Found a glowing drain.
  4070 | D:5      | Reached skill level 2 in Ice Magic
  4089 | Sewer    | Entered a sewer
  4358 | Sewer    | Reached skill level 4 in Spellcasting
  4505 | D:5      | Reached skill level 3 in Ice Magic
  4608 | D:5      | Gained mutation: You have a pair of small antennae on your
                  | head. [demonic ancestry]
  4608 | D:5      | Reached XP level 8. HP: 39/54 MP: 7/14
  4687 | D:5      | Identified the +5 dagger "Palo" {venom, Will+}
  4748 | D:5      | Found a shimmering altar of Xom.
  4748 | D:5      | Found a shimmering altar of Xom.
  4748 | D:5      | Found a shimmering altar of Xom.
  4748 | D:5      | Found a shimmering altar of Xom.
  4749 | D:5      | Found a shimmering altar of Xom.
  4758 | D:5      | Found a shimmering altar of Xom.
  4791 | D:5      | Reached skill level 6 in Transmutations
  4854 | D:5      | You fall into a shaft and drop 3 floors!
  4875 | D:8      | Reached skill level 4 in Ice Magic
  4978 | D:8      | Reached skill level 5 in Unarmed Combat
  5063 | D:7      | Reached skill level 5 in Ice Magic
  5154 | D:7      | Found a staircase to the Ecumenical Temple.
  5160 | Temple   | Entered the Ecumenical Temple
  5236 | D:7      | Noticed a cyclops
  5266 | D:7      | You pick up a book of Necromancy and begin reading...
  5266 | D:7      | You add the spells Necrotise, Vampiric Draining and Agony
                  | to your library.
  5356 | D:6      | Identified the +7 flail of the Eternal Warrior {pain,
                  | Str+4}
  5379 | D:6      | Found a blossoming altar of Fedhas.
  5381 | D:6      | Found a shadowy altar of Dithmenos.
  5382 | D:6      | Found a sacrificial altar of Ru.
  5382 | D:6      | Found a hide-covered altar of Uskayaw.
  5383 | D:6      | Found a shimmering blue altar of Sif Muna.
  5383 | D:6      | Found a basalt altar of Yredelemnul.
  5383 | D:6      | Found a snail-covered altar of Cheibriados.
  5384 | D:6      | Found a stormy altar of Qazlal.
  5387 | D:6      | Became a worshipper of Ru the Awakened
  5717 | D:6      | Gained mutation: You are mostly covered in molten scales.
                  | (AC +3) [demonic ancestry]
  5717 | D:6      | Reached XP level 9. HP: 59/59 MP: 10/16
  5810 | D:6      | Reached skill level 7 in Transmutations
  6205 | D:5      | Reached skill level 5 in Spellcasting
  6262 | D:5      | Found an ornate altar of the Wu Jian Council.
  6295 | D:5      | Found an ancient bone altar of Kikubaaqudgha.
  6532 | D:6      | Reached skill level 6 in Ice Magic
  7353 | D:7      | Reached skill level 6 in Unarmed Combat
  7353 | D:7      | Reached skill level 8 in Transmutations
  7679 | D:7      | Killed a cyclops
  7680 | D:7      | Gained mutation: You are completely covered in molten
                  | scales. (AC +4, rF+) [demonic ancestry]
  7680 | D:7      | Reached XP level 10. HP: 48/65 MP: 10/18
  8023 | D:8      | Reached skill level 7 in Ice Magic
  8489 | D:9      | Reached skill level 6 in Spellcasting
  8688 | D:9      | Reached skill level 9 in Transmutations
  8787 | D:9      | Found a bloodstained altar of Trog.
  8843 | D:9      | Reached skill level 8 in Ice Magic
  9115 | D:9      | Noticed a white ugly thing
  9118 | D:9      | Noticed a white ugly thing
  9126 | D:9      | Killed a cyan ugly thing
  9127 | D:9      | Reached skill level 7 in Unarmed Combat
  9131 | D:9      | HP: 14/78 [cyan ugly thing (13)]
  9132 | D:9      | Killed a cyan ugly thing
  9133 | D:9      | Reached XP level 11. HP: 19/70 MP: 5/21
  9312 | D:9      | Found a staircase to the Lair.
  9399 | D:10     | Entered Level 10 of the Dungeon
  9446 | D:10     | Found a flagged portal.
  9454 | Bailey   | Entered a bailey
  9481 | Bailey   | Noticed an orc knight
  9563 | Bailey   | Killed an orc knight
  9637 | Bailey   | Found a large runed translucent door.
  9637 | Bailey   | Found a large runed translucent door.
  9638 | Bailey   | Noticed a deep elf zephyrmancer
  9881 | D:10     | Reached skill level 10 in Transmutations
  9892 | D:10     | Reached skill level 7 in Spellcasting
  9907 | D:10     | Noticed Joseph
  9921 | D:10     | Killed Joseph
  9922 | D:10     | Reached skill level 9 in Ice Magic
 10013 | D:10     | Gained mutation: You cannot be stealthy. [Ru sacrifice]
 10333 | D:10     | Identified the +0 chain mail "Olorch Ydghe" {rF+ Will+
                  | Stlth+}
 10351 | D:10     | Found a staircase to the Orcish Mines.
 10355 | D:10     | Found the +5 scythe "Finisher" {speed, eviscerate}
 10858 | D:10     | You pick up a book of Touch and begin reading...
 10858 | D:10     | You add the spells Kiss of Death, Confusing Touch and
                  | Dispel Undead to your library.
 10914 | D:10     | Noticed Sonja
 10929 | D:10     | Killed Sonja
 11072 | Lair:1   | Entered Level 1 of the Lair of Beasts
 11123 | Lair:1   | Noticed a death yak
 11130 | Lair:1   | Noticed a death yak
 11133 | Lair:1   | Killed a death yak
 11134 | Lair:1   | Reached skill level 8 in Unarmed Combat
 11134 | Lair:1   | Noticed a death yak
 11134 | Lair:1   | Noticed a death yak
 11134 | Lair:1   | Noticed a death yak
 11156 | Lair:1   | Killed a death yak
 11167 | Lair:1   | Killed a death yak
 11168 | Lair:1   | Reached skill level 1 in Armour
 11168 | Lair:1   | Reached XP level 12. HP: 39/77 MP: 6/23
 11172 | Lair:1   | HP: 21/92 [death yak (18)]
 11173 | Lair:1   | HP: 7/92 [death yak (15)]
 11178 | Lair:1   | Killed a death yak
 11179 | Lair:1   | Reached skill level 11 in Transmutations
 11179 | Lair:1   | HP: 23/93 [death yak (13)]
 11185 | Lair:1   | HP: 19/93 [death yak (1)]
 11186 | Lair:1   | Killed a death yak
 11187 | Lair:1   | Reached skill level 2 in Fighting
 11397 | Lair:1   | Reached skill level 10 in Ice Magic
 11444 | Lair:1   | You pick up a book of Necromancy and begin reading...
 11738 | Lair:1   | Identified the +1 robe "Ubruhur" {rF+ rN++}
 11849 | Lair:1   | Reached skill level 2 in Armour
 12020 | Lair:2   | Reached skill level 8 in Spellcasting
 12069 | Lair:1   | Reached skill level 3 in Fighting
 12222 | Lair:2   | Noticed a seven-headed hydra
 12232 | Lair:2   | Killed a seven-headed hydra
 12233 | Lair:2   | Reached skill level 9 in Unarmed Combat
 12571 | Lair:2   | Reached skill level 3 in Armour
 13406 | Lair:3   | Reached skill level 4 in Fighting
 13411 | Lair:3   | Found a staircase to the Snake Pit.
 13458 | Lair:3   | Found a staircase to the Shoals.
 13474 | Lair:3   | HP: 19/99 [merfolk/+0 trident (12)]
 13475 | Lair:3   | HP: 7/99 [merfolk/+0 trident (6)]
 13476 | Lair:3   | HP: 3/99 [merfolk/+0 trident (19)]
 13477 | Lair:3   | Slain by a merfolk

Vanquished Creatures
  A hydra (Lair:2)
  5 death yaks (Lair:1)
  Sonja (D:10)
  An orc knight (Bailey)
  An oklob plant (Lair:1)
  2 ugly things (D:9)
  A cyclops (D:7)
  3 black mambas
  Joseph (D:10)
  5 cane toads
  3 komodo dragons
  2 trolls (D:10)
  A merfolk (Lair:3)
  A polar bear (Lair:1)
  5 blink frogs (Lair:2)
  Sigmund (D:2)
  2 shadows (D:10)
  38 yaks
  2 wyverns
  2 wraiths
  4 vampire mosquitoes (D:9)
  A steam dragon (D:6)
  A warg (D:10)
  9 water moccasins
  A swamp drake (D:7)
  2 ice beasts
  13 orc warriors
  2 sky beasts (D:7)
  A black bear (D:5)
  2 ogres
  2 centaurs
  6 wolves (Lair:1)
  5 kobold brigands
  2 phantoms
  8 bullfrogs
  A necrophage (D:7)
  3 scorpions
  11 wights
  5 killer bees
  4 howler monkeys
  An electric eel (D:7)
  4 jellies
  8 orc priests
  2 hounds (D:5)
  Crazy Yiuf (D:2)
  4 iguanas
  Ijyb (D:3)
  4 orc wizards
  Robin (D:3)
  4 gnolls (D:4)
  15 adders
  2 shadow imps
  2 white imps
  An ufetubus (D:4)
  3 worms
  3 dart slugs
  40 orcs
  24 ball pythons
  4 bats
  12 endoplasms
  12 giant cockroaches
  11 goblins
  8 hobgoblins
  6 jackals
  23 kobolds
  9 quokkas
  6 frilled lizards
  7 rats
379 creatures vanquished.

Vanquished Creatures (others)
  A human (D:5)
  5 fungi
  8 plants
14 creatures vanquished.

Grand Total: 393 creatures vanquished

Table legend:
 A = Non-vault XP
 B = Vault XP
 C = Vault XP percentage of total XP
 D = Non-vault monster count
 E = Vault monster count
 F = Vault count percentage of total count
                 A         B        C        D         E       F
            +---------+---------+-------+---------+---------+-------
      Total |   26404 |    9691 |  26.8 |     258 |     121 |  31.9
            +---------+---------+-------+---------+---------+-------
        D:1 |      34 |       0 |   0.0 |      21 |       0 |   0.0
        D:2 |      44 |     270 |  86.0 |      20 |       2 |   9.1
        D:3 |      36 |      62 |  63.3 |      19 |       8 |  29.6
        D:4 |     228 |     109 |  32.3 |      16 |      11 |  40.7
        D:5 |     912 |      43 |   4.5 |      18 |       4 |  18.2
        D:6 |     409 |     886 |  68.4 |      10 |      13 |  56.5
        D:7 |    1709 |     206 |  10.8 |      24 |       2 |   7.7
        D:8 |    1014 |     214 |  17.4 |      30 |       3 |   9.1
        D:9 |    3590 |    1240 |  25.7 |      31 |       3 |   8.8
       D:10 |    4453 |    2380 |  34.8 |      25 |      15 |  37.5
     Lair:1 |    7304 |     565 |   7.2 |      21 |       1 |   4.5
     Lair:2 |    5871 |       0 |   0.0 |      21 |       0 |   0.0
     Lair:3 |     800 |    1942 |  70.8 |       2 |       8 |  80.0
      Sewer |       0 |     308 | 100.0 |       0 |      37 | 100.0
     Bailey |       0 |    1466 | 100.0 |       0 |      14 | 100.0
            +---------+---------+-------+---------+---------+-------

Illustrated notes

Table legend:
 A = Kills in this place as a percentage of kills in entire the game.
 B = Kills by you in this place as a percentage of kills by you in the entire game.
 C = Kills by friends in this place as a percentage of kills by friends in the entire game.
 D = Other kills in this place as a percentage of other kills in the entire game.
 E = Experience gained in this place as a percentage of experience gained in the entire game.
 F = Experience gained in this place divided by the number of levels of this place that you have seen.
                   A       B       C       D       E      F
               +-------+-------+-------+-------+-------+----------------------
         Total | 100.0 | 100.0 |   N/A |   N/A | 100.0 | 2255.9
       Dungeon |  72.6 |  72.6 |   N/A |   N/A |  49.4 | 1783.9
          Lair |  14.0 |  14.0 |   N/A |   N/A |  45.7 | 5494.0
         Sewer |   9.8 |   9.8 |   N/A |   N/A |   0.9 | 308.0
        Bailey |   3.7 |   3.7 |   N/A |   N/A |   4.1 | 1466.0
               +-------+-------+-------+-------+-------+----------------------

Table legend: (Time is in decaauts)
 A = Elapsed time spent in this place.
 B = Non-inter-level travel time spent in this place.
 C = Inter-level travel time spent in this place.
 D = Time resting spent in this place.
 E = Time spent auto-exploring this place.
 F = Levels seen in this place.
 G = Mean time per level.
                   A        B        C        D        E       F      G
               +--------+--------+--------+--------+--------+-----+--------+
         Total |  13373 |  12748 |    625 |    353 |   9260 |  16 |  835.8 |
       Dungeon |  10257 |   9694 |    563 |    310 |   7102 |  10 | 1025.7 |
        Temple |     50 |     35 |     15 |      0 |     30 |   1 |   50.0 |
          Lair |   2375 |   2329 |     46 |     24 |   1885 |   3 |  791.7 |
         Sewer |    348 |    348 |      0 |      0 |     72 |   1 |  348.0 |
        Bailey |    341 |    341 |      0 |     19 |    170 |   1 |  341.0 |
               +--------+--------+--------+--------+--------+-----+--------+

Top non-repeatable levels by time:
     D:7: 1370 daAuts
     D:4: 1289 daAuts
    D:10: 1267 daAuts
     D:5: 1090 daAuts
  Lair:2: 1047 daAuts
     D:6: 982 daAuts
  Lair:1: 968 daAuts
     D:9: 963 daAuts
     D:2: 939 daAuts
     D:3: 865 daAuts
     D:1: 808 daAuts
     D:8: 680 daAuts
  Lair:3: 360 daAuts
   Sewer: 348 daAuts
  Bailey: 341 daAuts
